 Dungeon Crawl Stone Soup version 0.24.0-13-gcf9b319 (webtiles) character file.

Game seed: 16360896843399915045, levelgen mode: deterministic

436 southernslant the Ducker (level 7, -2/55 HPs)
             Began as a Merfolk Gladiator on Feb 17, 2020.
             Was a Follower of Fedhas.
             Slain by an ice beast (9 damage)
             ... on level 5 of the Dungeon.
             The game lasted 00:11:52 (3564 turns).

southernslant the Ducker (Merfolk Gladiator)        Turns: 3564, Time: 00:11:52

Health: -2/55      AC:  4    Str: 16    XL:     7   Next: 1%
Magic:  8/8        EV: 16    Int:  7    God:    Fedhas [*.....]
Gold:   186        SH:  0    Dex: 16    Spells: 6/6 levels left

rFire    . . .     SeeInvis .   a - +0 trident
rCold    . . .     Gourm    .   (no shield)
rNeg     . . .     Faith    .   b - +0 leather armour
rPois    .         Spirit   .   c - +0 helmet
rElec    .         Reflect  .   (no cloak)
rCorr    .         Harm     .   (no gloves)
MR       .....                  (no boots)
Stlth    +.........             (no amulet)
HPRegen  0.18/turn              (no ring)
MPRegen  0.11/turn              (no ring)

@: slowed, very slow
A: change form in water, swift swim, stealthy swim
a: Renounce Religion


You were on level 5 of the Dungeon.
You worshipped Fedhas.
Fedhas was aware of your devotion.
You were hungry.

You visited 1 branch of the dungeon, and saw 5 of its levels.

You collected 186 gold pieces.

Inventory:

Hand Weapons
 a - a +0 trident (weapon)
 z - a +0 halberd
Missiles
 h - 13 poisoned darts
 n - 12 boomerangs (quivered)
Armour
 b - a +0 leather armour (worn)
 c - a +0 helmet (worn)
 x - a +0 pair of boots
 A - a +2 helmet of intelligence
 B - a +0 pair of boots
 C - a scarf of cloud immunity
Jewellery
 p - a +2 amulet of reflection {unknown}
 s - an uncursed ring of wizardry {unknown}
 y - the ring of Liem {rC+ rN+ Int+2 Dex+3, unknown}
   (You found it on level 4 of the Dungeon)

   [ring of protection from cold]

   It affects your intelligence (+2).
   It affects your dexterity (+3).
   It protects you from cold.
   It protects you from negative energy.
Wands
 w - a wand of paralysis (4)
Scrolls
 j - 3 scrolls of enchant armour
 k - a scroll of identify {unknown}
 l - 3 scrolls of teleportation
 m - a scroll of fear {unknown}
 o - a scroll of enchant weapon {unknown}
 t - a scroll of remove curse {unknown}
Potions
 e - 4 potions of curing
 g - a potion of berserk rage {unknown}
 q - 4 potions of degeneration {unknown}
 r - a potion of cancellation {unknown}
 u - 2 potions of heal wounds {unknown}
 v - a potion of mutation {unknown}
Comestibles
 f - 9 rations
 i - 2 chunks of flesh


   Skills:
 * Level 4.8 Fighting
 + Level 5.0 Polearms
 + Level 3.2 Throwing
 + Level 0.8 Armour
 * Level 6.5 Dodging
 * Level 2.0 Invocations


You had 6 spell levels left.
You didn't know any spells.
Your spell library was empty.

Dungeon Overview and Level Annotations

Branches:
Dungeon (5/15)             Temple (0/1) D:4

Altars:
Fedhas
Hepliaklqana
Makhleb
Nemelex Xobeh
Okawaru
Sif Muna

Annotations:
D:3 2 runed translucent doors, Crazy Yiuf; Eryximachus's ghost, amateur TeAE


Message History

Throwing (i - inventory. (/) - cycle)
h - 13 poisoned darts (quivered)
Press: ? - help, Shift-Dir - straight line, f - ice beast
Aim: an ice beast (severely wounded)
Okay, then.
Throwing (i - inventory. (/) - cycle)
n - 12 boomerangs (quivered)
Press: ? - help, Shift-Dir - straight line, f - ice beast
Aim: an ice beast (severely wounded)
You throw a boomerang. The boomerang hits the ice beast.
The ice beast is almost dead.
The ice beast hits you but does no damage.
You closely miss the ice beast.
The ice beast is almost dead.
The ice beast hits you but does no damage.
The orc wizard points at you and mumbles some strange words.
You feel as though you will be slow longer.
The ice beast hits you.
* * * LOW HITPOINT WARNING * * *
The ice beast freezes you!
You die...
Fedhas appreciates your contribution to the ecosystem.

#.#..# #.#..#
..#..# ########.o#
#.........########
#.######..........
##.######## #)#
#@# #Y# oo....((#
o########


You could see an ice beast and an orc wizard.

Vanquished Creatures
  A crimson imp (D:5)
  2 hounds (D:4)
  An orc wizard (D:5)
  Jessica (D:3)
  Terence (D:2)
  3 worker ants
  4 gnolls (D:4)
  8 adders
  2 worms
  6 leopard geckos
  5 orcs (D:4)
  4 giant cockroaches
  5 goblins
  7 hobgoblins
  3 jackals (D:4)
  7 kobolds
  2 quokkas
  2 ball pythons (D:2)
  A ball python skeleton (D:4)
  5 bats
  5 frilled lizards
  3 rats
78 creatures vanquished.

Notes
Turn   | Place    | Note
-------+----------+-------------------------------------------
     0 | D:1      | southernslant the Merfolk Gladiator began the quest for the
                  | Orb.
     0 | D:1      | Reached XP level 1. HP: 16/16 MP: 1/1
   190 | D:1      | Reached XP level 2. HP: 20/23 MP: 2/2
   829 | D:1      | Reached XP level 3. HP: 8/29 MP: 3/3
  1358 | D:2      | Noticed Terence
  1365 | D:2      | Killed Terence
  1365 | D:2      | Reached skill level 5 in Dodging
  1365 | D:2      | Reached XP level 4. HP: 35/35 MP: 4/4
  1944 | D:3      | Noticed Jessica
  1953 | D:3      | Killed Jessica
  1953 | D:3      | Reached XP level 5. HP: 42/42 MP: 5/5
  1972 | D:3      | Found a blossoming altar of Fedhas.
  2130 | D:3      | Found a runed translucent door.
  2156 | D:3      | Became a worshipper of Fedhas Madash
  2458 | D:3      | Found a runed translucent door.
  2459 | D:3      | Noticed Crazy Yiuf
  2531 | D:3      | Noticed Eryximachus's ghost (amateur TeAE)
  2643 | D:4      | Found a staircase to the Ecumenical Temple.
  2746 | D:4      | Reached skill level 6 in Dodging
  2769 | D:4      | Reached XP level 6. HP: 39/49 MP: 6/6
  2837 | D:4      | Reached skill level 1 in Invocations
  2890 | D:4      | Found an iron altar of Okawaru.
  2893 | D:4      | Found a shimmering blue altar of Sif Muna.
  2893 | D:4      | Found a burning altar of Makhleb.
  2893 | D:4      | Found a hazy altar of Hepliaklqana.
  2929 | D:4      | Got a pitted steel ring
  3120 | D:4      | Found a sparkling altar of Nemelex Xobeh.
  3261 | D:5      | Entered Level 5 of the Dungeon
  3276 | D:5      | Reached * piety under Fedhas
  3276 | D:5      | Reached skill level 5 in Polearms
  3535 | D:5      | Noticed an ice beast
  3560 | D:5      | Reached XP level 7. HP: 15/55 MP: 8/8
  3564 | D:5      | Slain by an ice beast

Levels and vault maps discovered:
D:1:      eino_arrival_cavern_a, layout_basic
D:2:      layout_basic, serial_forest, infiniplex_forest_lined_ring,
          infiniplex_forest_corner_1, infiniplex_forest_diagonal,
          infiniplex_forest_corner_2, infiniplex_forest_clump_cross,
          infiniplex_forest_end_double, minivault_4, kennysheep_minor_cross,
          hex_intersection, uniq_terence
D:3:      layout_loops_cross, fedhas_altar_2, ebering_ghost_sewer_d,
          uniq_jessica, uniq_crazy_yiuf_cottage
D:4:      layout_basic, chequers_temple_overflow_statue_of_worship,
          minmay_temple_entry_glassed_door, nemelex_spade_bored_becter
D:5:      kennysheep_windowed_halls, layout_loops_ring, first_ration,
          uniq_pikel, uniq_edmund

Skill      XL: |  1  2  3  4  5  6 |
---------------+-------------------+-----
Fighting       | 3 4 |  4.8
Dodging        | 5 6 |  6.5
Throwing       | 3 |  3.2
Invocations    | 2 |  2.0
Polearms       | 5 |  5.0
Armour         | |  0.8

Action                   |  1- 3 |  4- 6 |  7- 9 || total
-------------------------+-------+-------+-------++-------
Melee: Trident           |   100 |   166 |     3 ||   269
Throw: Dart              |    13 |    40 |       ||    53
       Throwing net      |       |     5 |       ||     5
       Boomerang         |       |     2 |     1 ||     3
  Use: Scroll            |       |     2 |       ||     2
       Potion            |       |     1 |       ||     1
 Stab: Sleeping          |     2 |     2 |       ||     4
  Eat: Chunk             |     1 |     7 |       ||     8
Armor: Leather armour    |    17 |    16 |     2 ||    35
Dodge: Dodged            |    56 |   116 |     1 ||   173
